 Dungeon Crawl Stone Soup version 0.21.0-3-g78d12a8 (webtiles) character file.

165 MDvedh the Vexing (level 5, -5/27 HPs)
             Began as a Vine Stalker Arcane Marksman on Jan 8, 2018.
             Killed by divine providence
             ... invoked by an orc priest
              (12 damage)
             ... on level 4 of the Dungeon.
             The game lasted 00:04:38 (2582 turns).

MDvedh the Vexing (Vine Stalker Arcane Marksman)    Turns: 2582, Time: 00:04:39

Health: -5/27      AC: 10    Str: 13    XL:     5   Next: 46%
Magic:  0/7        EV:  1    Int: 13    God:
Gold:   155        SH: 10    Dex: 12    Spells: 5/6 levels left

rFire    . . .     SeeInvis .   v - +3 whip (freeze)
rCold    + . .     Gourm    .   l - +0 large shield
rNeg     . . .     Faith    .   n - +0 chain mail
rPois    .         Spirit   +   A - +0 helmet
rElec    .         Reflect  .   (no cloak)
rCorr    .         Harm     .   (no gloves)
MR       .....                  y - +0 pair of boots
Stlth    ..........             (no amulet)
HPRegen  0.49/turn              j - -3 ring of dexterity
MPRegen  0.10/turn              w - ring of protection from cold

@: no status effects
A: fangs 2, regeneration 1, magic shield, antimagic bite, no potion heal 3, rot
immunity
a: no special abilities


You were on level 4 of the Dungeon.
You were not hungry.

You visited 1 branch of the dungeon, and saw 4 of its levels.

You collected 155 gold pieces.

Inventory:

Hand Weapons
 g - a +1 vampiric hand axe
 k - a +0 hand axe of chopping
 s - a +1 dagger of electrocution
 v - a +3 whip of freezing (weapon)
Missiles
 c - 5 javelins (quivered)
 d - 2 throwing nets
Armour
 a - a +0 robe
 l - a +0 large shield (worn)
 n - a +0 chain mail (worn)
 y - a +0 pair of boots (worn)
 A - a +0 helmet (worn)
Jewellery
 j - a -3 ring of dexterity (left hand)
 w - a ring of protection from cold (right hand)
Scrolls
 t - a scroll of remove curse
Potions
 h - 3 potions of resistance
 m - a potion of brilliance
 q - a potion of invisibility
 u - a potion of curing {unknown}
 x - 2 potions of berserk rage
 z - a potion of degeneration {unknown}
Books
 b - a book of Debilitation

   Spells                             Type                      Level
   a - Corona                         Hexes                        1
   b - Slow                           Hexes                        2
   c - Inner Flame                    Hexes/Fire                   3
   d - Portal Projectile              Hexes/Translocation          3
   e - Cause Fear                     Hexes                        4
   f - Leda's Liquefaction            Hexes/Earth                  4
Comestibles
 f - 5 rations


   Skills:
 + Level 2.4 Fighting
 - Level 1.4(1.5) Axes
 * Level 0.6(1.1) Maces & Flails
 - Level 1.7 Throwing
 + Level 1.9 Armour
 + Level 2.6 Dodging
 - Level 1.1 Spellcasting
 - Level 3.0 Hexes


You had 5 spell levels left.
You knew the following spells:

 Your Spells              Type           Power        Failure   Level  Hunger
a - Corona                Hex            #......      100%        1    ##.....


Dungeon Overview and Level Annotations

Branches:
Dungeon (4/15)
 Temple: D:4-7

Altars:
Okawaru
Sif Muna
The Shining One


Innate Abilities, Weirdness & Mutations

You have extremely sharp teeth.
Your natural rate of healing is unusually fast.
When hurt, damage is shared between your health and your magic reserves.
Your bite disrupts and absorbs the magic of your enemies.
Potions cannot restore your health.
You are immune to rotting.


Message History

You block the orc's attack.
You see here a short sword.
Unknown command.
You hit the orc priest. You freeze the orc priest.
The orc priest is lightly wounded.
The orc priest calls down the wrath of Beogh upon you.
You struggle to resist.
You block the orc's attack. The orc priest hits you.
Unknown command.
You closely miss the orc priest. Your bite misses the orc priest.
The orc priest is lightly wounded.
The orc hits you but does no damage. The orc priest hits you.
Unknown command.
You hit the orc priest. You freeze the orc priest.
You bite the orc priest, but do no damage.
The orc priest is heavily wounded.
The orc hits you but does no damage.
You are electrocuted!
* * * LOW HITPOINT WARNING * * *
The orc priest invokes the aid of Beogh against you.
Beogh smites you!
You die...

# #.
####.h#######
.....ho@)...#
#.###.#o###.#
# #.# #.# #.#
#.# #.# #.#
#...# #.# #.#
#...# #.# #.#
#...# #.# #.#
######...#
#.#
#.........


You could see an orc priest, an orc and 2 jackals.

Vanquished Creatures
  An orc priest (D:4)
  6 adders (D:2)
  An ooze (D:2)
  A worm (D:2)
  3 dart slugs
  4 leopard geckos
  3 orcs
  6 giant cockroaches
  7 goblins
  6 hobgoblins
  2 jackals (D:1)
  A quokka (D:2)
  5 bats
  7 frilled lizards
  4 kobolds
  8 rats
65 creatures vanquished.

Notes
Turn   | Place    | Note
-------+----------+-------------------------------------------
     0 | D:1      | MDvedh the Vine Stalker Arcane Marksman began the quest for the Orb.
     0 | D:1      | Reached XP level 1. HP: 9/9 MP: 3/3
    70 | D:1      | Reached skill level 1 in Fighting
   121 | D:1      | Reached XP level 2. HP: 14/14 MP: 4/4
   265 | D:1      | Reached skill level 1 in Armour
   276 | D:1      | Reached XP level 3. HP: 15/18 MP: 3/5
   726 | D:2      | Found an iron altar of Okawaru.
   900 | D:2      | Gained mutation: Your natural rate of healing is unusually fast. [Vine Stalker growth]
   900 | D:2      | Reached XP level 4. HP: 21/23 MP: 6/6
   925 | D:2      | Found a faded altar of an unknown god.
  1186 | D:2      | HP: 1/23 [goblin/uncursed dagger of electrocution (12)]
  1450 | D:2      | Reached skill level 1 in Axes
  1551 | D:2      | Reached XP level 5. HP: 26/26 MP: 7/7
  2051 | D:3      | Found a deep blue altar of Sif Muna.
  2363 | D:3      | Found a glowing golden altar of the Shining One.
  2582 | D:4      | Killed from afar by an orc priest

Skill      XL: |  1  2  3  4 |
---------------+-------------+-----
Fighting       | 1 2 |  2.4
Dodging        | 2 |  2.6
Armour         | 1 |  1.9
Axes           | 1 |  1.4
Maces & Flails | |  0.6
Throwing       | |  1.7
Spellcasting   | |  1.1
Hexes          | |  3.0

Action                   |  1- 3 |  4- 6 || total
-------------------------+-------+-------++-------
Melee: Club              |    20 |       ||    20
       Unarmed           |     8 |       ||     8
       Bite              |    30 |    30 ||    60
       Hand axe          |   101 |   158 ||   259
       Dagger            |       |    19 ||    19
       Whip              |       |    12 ||    12
Throw: Javelin           |     4 |       ||     4
  Use: Scroll            |       |     9 ||     9
  Eat: Chunk             |       |     6 ||     6
Armor: Ring mail         |    22 |       ||    22
       Robe              |     1 |       ||     1
       Chain mail        |    38 |   155 ||   193
Dodge: Dodged            |    30 |    16 ||    46
Block: Large shield      |    66 |   135 ||   201
